Map: 파라 사이트 - 래더

Players

Maru - Winner!

  • Race: Terran Terran
  • League: Master
  • Spawn Location: 11:00

True

  • Race: Zerg Zerg
  • League: Grandmaster
  • Spawn Location: 5:00

Event: IEM Season 13 - Katowice Server Qualifiers America

VOD

Have the link to the VOD?

Description

Time

  • Played on: Jan. 6, 2019, 5:29 p.m.
  • Length: 12:27

All games in this series

Show
View Real Time Build Order
Export as new Build Order

Maru Terran - Winner!

Build Orders: Gas First Reaper Expand, Hellion Banshee 

Get SALT Encoding   

  12  0:00  SCV  
  13  0:12  SCV  
  14  0:17  Supply Depot  
  14  0:25  SCV  
  14  0:28  Refinery  
  15  0:38  SCV  
  16  0:44  Barracks  
  16  0:50  SCV  
  17  1:02  SCV  
  18  1:14  SCV  
  19  1:31  Reaper, Orbital Command  
  20  1:41  Command Center  
  20  1:55  Factory  
  20  1:56  SCV  
  21  2:06  Barracks Reactor  
  21  2:08  SCV  
  21  2:11  Supply Depot  
  22  2:17  Refinery  
  22  2:20  SCV  
  23  2:33  SCV  
  23  2:44  Starport  
  23  2:45  SCV  
  23  2:49  Hellion x2  
  28  2:52  Orbital Command  
  28  2:54  Marine  
  28  2:58  SCV  
  30  3:11  Hellion x2  
  30  3:12  Marine  
  35  3:14  SCV  
  36  3:20  SCV  
  36  3:22  Starport Tech Lab  
  36  3:26  SCV  
  38  3:29  Supply Depot  
  38  3:35  Hellion x2  
  38  3:36  SCV  
  43  3:41  Cloaking Field  
  43  3:44  Banshee  
  46  3:51  SCV x2  
  46  3:52  Supply Depot  
  48  3:59  Hellion  
  48  4:00  Hellion  
  52  4:03  SCV x2  
  52  4:08  Armory  
  54  4:15  SCV x2  
  56  4:24  Supply Depot  
  56  4:27  SCV  
  56  4:28  Banshee  
  56  4:30  SCV  
  61  4:40  Barracks Tech Lab, Command Center  
  61  4:41  SCV  
  62  4:45  SCV  
  63  4:54  SCV  
  63  4:57  SCV  
  65  5:02  Factory, Refinery x2  
  65  5:03  Factory  
  65  5:06  SCV  
  66  5:07  Supply Depot  
  66  5:10  SCV  
  66  5:12  Hellion  
  69  5:14  Hellion  
  65  5:26  SCV  
  56  5:28  SCV  
  56  5:34  Hellion  
  59  5:37  Banshee  
  59  5:39  SCV  
  59  5:40  SCV  
  59  5:41  Terran Vehicle And Ship Armor Level 1  
  64  5:51  Factory Tech Lab, SCV  
  64  5:52  SCV, Hellion  
  64  5:55  Infernal Pre-Igniter  
  64  5:56  Hellion  
  70  5:58  Hellion  
  70  5:59  Orbital Command  
  70  6:03  SCV  
  73  6:06  Supply Depot  
  73  6:09  Armory  
  73  6:11  SCV  
  74  6:13  Hellion  
  74  6:15  SCV  
  74  6:16  Supply Depot  
  77  6:20  Banshee  
  77  6:24  Hellion  
  77  6:25  Hellion x2  
  86  6:26  SCV  
  86  6:27  SCV  
  86  6:32  Orbital Command  
  89  6:35  Hellion  
  89  6:38  SCV, Supply Depot  
  89  6:39  SCV  
  92  6:45  Hyperflight Rotors  
  92  6:48  Factory, Hellion  
  92  6:49  Factory, Hellion  
  92  6:50  SCV  
  92  6:51  SCV  
  98  6:58  Hellion x2  
  98  7:00  Terran Vehicle Weapons Level 1  
  99  7:02  SCV  
  99  7:03  SCV  
  99  7:07  SCV  
  102  7:10  Hellion x2  
  102  7:11  Banshee  
  102  7:14  SCV  
  110  7:15  SCV  
  110  7:19  SCV  
  114  7:22  Hellion  
  114  7:23  Hellion  
  114  7:27  SCV x2  
  112  7:31  SCV, Supply Depot  
  112  7:32  Supply Depot  
  112  7:36  Cyclone  
  112  7:37  Terran Vehicle And Ship Armor Level 2  
  110  7:39  SCV  
  110  7:40  SCV  
  110  7:43  Factory Tech Lab, Factory Reactor  
  110  7:44  SCV, Cyclone  
  111  7:51  SCV  
  112  7:52  SCV  
  112  7:54  Banshee  
  112  7:56  SCV  
  112  7:57  Refinery x2  
  115  8:01  Hellion x2  
  115  8:02  Hellion  
  117  8:08  Hellion  
  117  8:10  Mag-Field Accelerator  
  117  8:12  SCV  
  120  8:13  SCV  
  120  8:16  Hellion  
  120  8:18  Supply Depot  
  123  8:21  Hellion x2  
  123  8:22  SCV  
  123  8:23  Hellion, Cyclone  
  133  8:33  Command Center  
  133  8:34  Supply Depot, Cyclone  
  122  8:41  Banshee  
  122  8:43  Hellion x2  
  122  8:44  Hellion  
  122  8:48  Supply Depot  
  131  8:49  Supply Depot  
  131  8:50  Supply Depot  
  131  8:52  Hellion  
  133  9:01  Thor x2  
  145  9:04  Hellion  
  145  9:07  Supply Depot  
  147  9:15  Hellion x2  
  151  9:17  SCV  
  151  9:18  Terran Vehicle Weapons Level 2  
  131  9:27  Banshee  
  131  9:29  Thor  
  133  9:32  Hellion x2  
  137  9:42  Hellion x2  
  137  9:44  Thor  
  147  9:56  SCV  
  147  9:59  Thor  
  154  10:05  Command Center  
  146  10:11  Banshee  
  146  10:13  Hellion x3  
  146  10:14  Hellion  
  151  10:21  Thor  
  157  10:30  Engineering Bay  
  157  10:33  Thor  
  163  10:52  Thor  
  163  10:56  Refinery  
  169  10:57  Refinery  
  169  11:00  Planetary Fortress  
  169  11:02  Missile Turret  
  169  11:05  Missile Turret x2  
  169  11:06  Missile Turret  
  169  11:10  Missile Turret  
  169  11:11  Missile Turret  
  169  11:12  SCV x3  
  172  11:23  Thor  
  172  11:24  Thor, SCV  
  176  11:35  Thor  
  176  11:38  SCV x5  
  173  11:57  Hellion x2  
  173  11:58  Hellion  
Show
View Real Time Build Order
Export as new Build Order

True Zerg 

Build Orders: Hatch First 

Get SALT Encoding   

  12  0:00  Drone  
  13  0:12  Overlord  
  13  0:16  Drone  
  14  0:30  Drone x2  
  14  0:34  Drone  
  17  0:51  Hatchery  
  17  0:54  Drone  
  17  1:07  Spawning Pool  
  17  1:10  Drone  
  17  1:13  Extractor  
  17  1:14  Drone  
  17  1:18  Drone  
  18  1:27  Drone  
  19  1:38  Drone  
  20  1:45  Hatchery  
  19  1:56  Zergling x2  
  20  2:02  Queen  
  20  2:03  Zergling x2  
  20  2:06  Drone  
  24  2:11  Drone  
  25  2:16  Drone  
  25  2:21  Overlord  
  26  2:23  Queen  
  28  2:33  Extractor  
  28  2:34  Drone  
  28  2:36  Spore Crawler  
  27  2:37  Drone  
  27  2:42  Drone  
  30  2:45  Queen  
  30  2:46  Drone  
  30  2:50  Drone  
  34  2:54  Drone  
  34  2:56  Drone  
  34  2:57  Drone  
  37  3:02  Queen  
  37  3:04  Drone  
  40  3:07  Drone  
  40  3:08  Drone  
  42  3:15  Overlord  
  42  3:16  Metabolic Boost  
  42  3:20  Overlord  
  42  3:33  Queen  
  45  3:34  Drone x5  
  45  3:35  Drone  
  45  3:39  Overlord  
  45  3:40  Drone  
  51  3:43  Drone x2  
  53  3:48  Spore Crawler  
  53  3:49  Spore Crawler  
  53  3:53  Queen  
  53  3:58  Drone x3  
  53  4:00  Drone  
  53  4:01  Drone  
  58  4:03  Drone  
  58  4:04  Drone  
  58  4:06  Drone  
  61  4:18  Zergling x8  
  61  4:22  Overlord  
  65  4:28  Zergling x2  
  65  4:29  Overlord  
  65  4:35  Overlord  
  65  4:37  Overlord  
  65  4:38  Overlord  
  65  4:40  Queen x2  
  65  4:41  Zergling x2  
  65  4:42  Zergling x6  
  73  4:47  Queen  
  73  4:48  Zergling x4  
  73  4:51  Zergling x4  
  79  4:53  Zergling x8  
  79  4:56  Zergling x2  
  79  4:57  Zergling x4  
  86  5:01  Zergling x2  
  86  5:02  Zergling x4  
  86  5:04  Zergling x2  
  90  5:11  Zergling x4  
  90  5:13  Zergling x4  
  91  5:15  Spore Crawler  
  81  5:23  Drone  
  81  5:25  Drone x2  
  81  5:26  Drone  
  81  5:27  Drone x3  
  75  5:34  Drone  
  71  5:37  Drone  
  71  5:39  Drone  
  71  5:42  Evolution Chamber x2  
  70  5:45  Drone  
  70  5:47  Drone x2  
  71  5:52  Spore Crawler  
  71  5:56  Drone  
  71  5:57  Drone  
  71  5:58  Drone x2  
  71  5:59  Hatchery, Drone x3  
  71  6:00  Drone x3  
  71  6:01  Drone  
  71  6:03  Extractor  
  79  6:05  Hatchery  
  79  6:09  Drone  
  79  6:10  Zerg Ground Armor Level 1, Zerg Melee Weapons Level 1  
  79  6:11  Drone  
  80  6:12  Drone  
  80  6:14  Extractor  
  80  6:19  Drone  
  80  6:21  Drone x2  
  80  6:24  Extractor  
  82  6:29  Hatchery  
  82  6:30  Drone  
  83  6:35  Lair, Drone  
  83  6:36  Drone x3  
  83  6:37  Overlord  
  83  6:39  Overlord  
  86  6:41  Overlord  
  86  6:42  Drone x2  
  86  6:43  Drone x2  
  89  6:48  Overlord  
  89  6:52  Overlord  
  89  6:55  Overlord  
  89  7:00  Zergling x6  
  89  7:01  Zergling x14  
  99  7:04  Zergling x2  
  99  7:07  Baneling Nest  
  99  7:12  Drone  
  99  7:13  Drone  
  99  7:14  Zergling x2  
  102  7:16  Zergling x2  
  102  7:20  Zergling x2  
  100  7:25  Zergling x2  
  100  7:26  Zergling x2  
  100  7:27  Zergling x6  
  100  7:28  Zergling x2  
  100  7:29  Queen x2, Zergling x4  
  104  7:33  Zergling x2  
  104  7:34  Zergling x8  
  104  7:35  Zergling x2  
  95  7:37  Zergling x2  
  95  7:41  Zergling x4  
  93  7:45  Zergling x4  
  93  7:48  Zergling x4  
  97  7:51  Zergling x2  
  97  7:55  Zergling x4  
  97  7:56  Zergling x2  
  97  7:57  Zergling x2  
  96  7:58  Zergling x2  
  96  7:59  Zergling x2  
  96  8:00  Zergling x2  
  96  8:01  Zergling x2  
  96  8:02  Queen  
  96  8:03  Queen  
  96  8:04  Baneling x3  
  96  8:05  Queen x2, Baneling x3  
  95  8:06  Zergling x2  
  95  8:07  Zergling x6  
  95  8:10  Baneling x2  
  95  8:11  Zergling x2  
  95  8:12  Zergling x4, Overseer  
  103  8:13  Zergling x2  
  103  8:16  Zergling x2  
  103  8:19  Zergling x2  
  105  8:24  Zergling x4  
  105  8:25  Zergling x6  
  105  8:26  Spire  
  104  8:27  Zergling x2  
  102  8:36  Drone x3  
  102  8:38  Drone  
  103  8:42  Drone  
  103  8:43  Extractor x2  
  102  8:58  Zergling x2  
  102  8:59  Hatchery, Zergling x18, Baneling  
  102  9:00  Baneling x9  
  111  9:06  Zergling x2  
  110  9:23  Zergling x24  
  110  9:24  Zergling x2  
  104  9:32  Drone x2  
  104  9:35  Overseer  
  104  9:36  Extractor  
  105  9:44  Baneling x3  
  105  9:45  Baneling x5  
  104  10:02  Mutalisk  
  104  10:03  Mutalisk  
  104  10:04  Mutalisk x8  
  118  10:11  Mutalisk  
  118  10:14  Mutalisk  
  117  10:18  Mutalisk  
  121  10:23  Hatchery  
  121  10:24  Mutalisk  
  121  10:26  Zerg Flyer Weapons Level 1  
  122  10:32  Mutalisk  
  124  10:44  Mutalisk  
  124  10:46  Extractor  
  124  10:47  Drone x4  
  124  10:48  Drone x4  
  133  10:51  Drone x2  
  133  10:53  Queen  
  137  11:00  Extractor  
  137  11:01  Zergling x2  
  137  11:02  Extractor, Zergling x4  
  137  11:03  Zergling x2  
  139  11:07  Zergling x4  
  139  11:09  Zergling x2  
  142  11:13  Roach Warren, Zergling x2  
  142  11:17  Zergling x2  
  131  11:48  Zergling x2  
  131  11:52  Baneling  
  131  11:53  Baneling x9  
  124  11:55  Zergling x24  
  124  11:59  Baneling x10  
  124  12:00  Zergling x2  
  124  12:01  Zergling x2  
  135  12:07  Zergling x2  

Tags
 
Add a new tag
Caveats
  • Supply blocks, unpowered buildings, or Contaminate may cause inaccurate times.
  • Supply counts are checked every 10 seconds.